Map: Ruins of Seras

Players

DarKicE

  • Race: Terran Terran
  • League: Master

Chris (MCanning) - Winner!

  • Race: Protoss Protoss
  • League: Master

VOD

Have the link to the VOD?

Description

Time

  • Played on: Nov. 13, 2015, 12:40 a.m.
  • Length: 22:04
Show
View Real Time Build Order
Export as new Build Order

DarKicE Terran 

Build Orders: Command Center First (CC), MMM Bio 

Get SALT Encoding   

  12  0:00  SCV  
  13  0:13  SCV  
  14  0:18  Supply Depot  
  14  0:25  SCV  
  15  0:39  SCV  
  16  0:51  SCV  
  17  1:01  Command Center  
  17  1:04  SCV  
  18  1:15  Barracks  
  19  1:18  SCV  
  19  1:24  Refinery  
  19  1:30  SCV  
  20  1:33  Refinery  
  20  1:42  SCV  
  21  2:02  Orbital Command, Marine  
  22  2:16  Factory  
  22  2:18  Orbital Command  
  22  2:24  Barracks Reactor  
  22  2:28  SCV  
  23  2:40  SCV  
  23  2:44  SCV  
  24  2:52  SCV  
  24  2:56  SCV  
  26  3:00  Widow Mine, Marine x2  
  26  3:01  Starport  
  26  3:04  SCV  
  31  3:08  SCV  
  31  3:11  Supply Depot  
  32  3:17  SCV  
  32  3:18  Marine x2  
  35  3:21  SCV  
  36  3:29  SCV  
  36  3:32  Widow Mine  
  36  3:33  SCV  
  39  3:37  Marine  
  39  3:38  Marine  
  41  3:41  SCV  
  41  3:43  Medivac  
  41  3:45  SCV  
  45  3:51  Supply Depot x2  
  44  3:59  SCV x2  
  44  4:03  Marine x2  
  45  4:11  SCV  
  45  4:12  SCV  
  45  4:13  Factory Tech Lab  
  45  4:14  Supply Depot  
  47  4:23  SCV  
  48  4:24  SCV  
  48  4:28  Barracks x2  
  48  4:31  Barracks Tech Lab  
  49  4:34  Cyclone  
  49  4:35  SCV  
  49  4:37  SCV, Starport Reactor  
  54  4:42  Refinery  
  54  4:47  SCV  
  54  4:49  SCV  
  54  4:50  Engineering Bay  
  54  4:52  Marine  
  57  4:53  Stimpack  
  57  4:59  SCV  
  58  5:01  SCV  
  57  5:11  SCV  
  57  5:13  SCV  
  56  5:19  Refinery  
  56  5:24  SCV  
  56  5:25  SCV  
  56  5:27  Supply Depot, Marauder  
  60  5:28  Liberator  
  60  5:30  Terran Infantry Weapons Level 1, Supply Depot  
  60  5:33  Factory Reactor  
  60  5:34  Combat Shields, Marine x2  
  60  5:35  Marauder  
  62  5:37  SCV  
  62  5:38  SCV  
  62  5:41  Missile Turret  
  62  5:42  Missile Turret  
  64  5:45  Medivac  
  64  5:49  SCV  
  70  5:50  Supply Depot  
  70  5:51  Marine  
  70  5:52  Marine x2  
  70  5:54  SCV  
  74  5:58  Marauder  
  74  6:01  SCV  
  77  6:06  SCV  
  77  6:10  Marine x2, Marauder  
  82  6:12  Widow Mine x2  
  82  6:13  SCV  
  82  6:15  Supply Depot  
  88  6:18  SCV  
  88  6:19  Liberator  
  88  6:23  Marauder  
  90  6:25  SCV  
  90  6:28  Marine x2  
  93  6:36  Marauder, Medivac  
  100  6:40  Supply Depot  
  100  6:41  Supply Depot  
  98  6:51  Marine  
  98  6:52  Marauder, Marine  
  102  6:59  Command Center  
  102  7:02  SCV x2, Marauder  
  102  7:05  Liberator  
  106  7:09  Marine x2  
  106  7:13  Marauder  
  110  7:16  Barracks  
  110  7:17  Barracks  
  110  7:23  Medivac, Marine  
  110  7:24  Terran Infantry Armor Level 1  
  110  7:25  Widow Mine  
  118  7:30  Widow Mine  
  118  7:31  Supply Depot  
  120  7:37  Marauder  
  120  7:41  Marauder  
  120  7:44  Marine x2  
  124  7:47  SCV x2, Supply Depot x2  
  128  7:58  Marine  
  128  7:59  SCV  
  128  8:00  SCV  
  128  8:01  Marine  
  128  8:02  Marine  
  128  8:03  Marine  
  134  8:12  SCV, Missile Turret  
  135  8:14  Marauder, Marine  
  135  8:16  Marine  
  135  8:19  Marine  
  131  8:20  Marine  
  131  8:21  Marine  
  132  8:28  Medivac x2  
  132  8:32  Marine  
  136  8:34  Marauder  
  136  8:36  Marauder  
  136  8:37  Marine  
  141  8:42  Orbital Command  
  141  8:43  Armory  
  141  8:44  Engineering Bay  
  140  8:52  Marine x3  
  140  8:55  Widow Mine x2, Marine  
  145  8:56  Marauder  
  145  8:57  Marauder  
  135  9:10  Marine x2  
  135  9:11  Marine  
  135  9:13  Marine  
  135  9:14  Liberator x2  
  141  9:17  Barracks x2, Marauder  
  141  9:18  Marauder  
  140  9:27  Marine  
  140  9:28  Marine  
  140  9:29  Marine  
  140  9:31  Marine  
  144  9:34  Widow Mine x2  
  154  9:38  Marauder  
  154  9:40  Marauder  
  154  9:45  Terran Infantry Weapons Level 2, Marine x2  
  156  9:46  Terran Infantry Armor Level 2  
  156  9:47  Marine  
  156  9:49  Marine  
  160  9:57  Liberator x2  
  158  10:00  Marauder  
  158  10:01  Marauder  
  158  10:03  Marine x3  
  158  10:05  Marine  
  163  10:08  Marine  
  163  10:09  Marine  
  165  10:16  Starport  
  165  10:21  Marauder, Marine x3  
  170  10:24  Marauder, Marine  
  170  10:26  Marine x2  
  157  10:39  Marine x3  
  157  10:42  Marauder, Marine  
  157  10:44  Marine x2  
  157  10:46  Marauder  
  144  10:54  Liberator x2  
  144  10:56  Marine  
  144  10:57  Marine x2  
  132  10:59  Marine  
  132  11:02  Marine x2  
  133  11:04  Marauder  
  133  11:07  Marauder  
  132  11:14  Marine x3  
  132  11:15  Command Center, Refinery  
  132  11:16  Refinery  
  132  11:17  Marine, Medivac x2  
  146  11:20  Marine x2  
  145  11:25  Marauder  
  145  11:28  Marauder  
  145  11:30  Liberator x2  
  145  11:32  Marine x3  
  146  11:35  Marine  
  146  11:37  Marine  
  146  11:38  Marine  
  151  11:47  Marauder  
  153  11:50  Marine x3, Marauder  
  153  11:53  Marine  
  165  11:55  Marine  
  165  11:56  Marine  
  167  12:07  Medivac  
  167  12:08  Marauder, Marine x2  
  173  12:13  Supply Depot  
  173  12:14  Supply Depot  
  173  12:16  Marauder, Marine x4  
  159  12:26  Marine x2  
  159  12:29  Marauder  
  153  12:33  Marine x4  
  153  12:38  Marauder  
  153  12:43  Marine x2  
  157  12:51  Marine x4, Marauder  
  163  12:59  Marauder  
  163  13:01  Marine x2  
  164  13:09  Marine x2  
  164  13:12  Marauder  
  168  13:16  Marine x2  
  168  13:19  Marine x2  
  170  13:20  Orbital Command, Marauder  
  170  13:26  Liberator  
  154  13:27  Marine x2  
  154  13:33  Marine  
  138  13:34  Marine x2  
  138  13:37  Marine x2  
  128  13:42  Marauder  
  128  13:45  Marine  
  131  13:50  Marine  
  131  13:51  Marauder  
  131  13:52  Marine  
  129  13:57  Planetary Fortress  
  129  13:59  Liberator x3  
  129  14:03  Marauder  
  129  14:09  Liberator  
  131  14:13  Marauder  
  136  14:26  Marine  
  136  14:27  Marauder, Marine x5  
  147  14:34  Marauder  
  149  14:44  Marine x2  
  149  14:45  Marine x3  
  147  14:48  Marauder  
  147  14:50  Marine  
  146  14:53  Liberator x4  
  146  14:56  Marauder  
  140  15:02  Marine x2  
  139  15:08  Marine x3  
  139  15:09  Marauder  
  150  15:15  Fusion Core  
  150  15:16  Marine  
  150  15:17  Refinery  
  150  15:18  Refinery  
  150  15:19  Command Center  
  150  15:20  Command Center, Marine x2  
  150  15:21  Barracks  
  152  15:23  Barracks Tech Lab, Barracks  
  152  15:26  Marine x3  
  154  15:29  SCV x2  
  154  15:31  Marauder  
  154  15:32  Terran Infantry Weapons Level 3  
  158  15:41  SCV  
  159  15:44  Barracks Tech Lab x2  
  159  15:45  Barracks Tech Lab  
  159  15:51  Marauder x2, Marine x2  
  159  15:52  Marine  
  159  15:53  Factory Tech Lab  
  166  16:07  Medivac  
  166  16:08  Marine x2  
  166  16:09  Marine, Medivac  
  173  16:11  Marine  
  173  16:12  Starport, Marauder  
  176  16:19  Refinery x2  
  176  16:23  Barracks Tech Lab  
  176  16:26  Marine x2  
  176  16:30  Missile Turret  
  176  16:33  Missile Turret  
  176  16:35  Marauder, Marine x2  
  176  16:39  Advanced Ballistics  
  172  16:41  Marine x2, Medivac x2  
  172  16:42  Marauder  
  172  16:44  Marine x3  
  172  16:45  Marine  
  174  16:50  Missile Turret  
  174  16:53  Marine  
  168  16:55  Medivac  
  168  17:00  SCV  
  168  17:01  SCV  
  172  17:02  SCV  
  172  17:03  SCV  
  172  17:05  Missile Turret  
  175  17:11  Medivac  
  175  17:13  SCV  
  177  17:16  Marauder, Marine x5  
  177  17:17  Marine  
  177  17:19  Marine x2  
  177  17:20  Marauder  
  176  17:25  SCV  
  176  17:29  Terran Infantry Armor Level 3  
  175  17:33  Marine  
  175  17:34  Marine x3  
  175  17:35  Marine, Marauder  
  182  17:37  Marine  
  182  17:38  Planetary Fortress  
  182  17:43  Marine  
  182  17:44  Marauder x2  
  147  17:51  Marine x2  
  147  17:52  Marine x2  
  147  17:53  Marine  
  147  17:55  Marine, Marauder  
  150  18:01  Marine  
  150  18:03  Missile Turret  
  150  18:05  Marauder, Marine  
  143  18:08  Battlecruiser  
  143  18:09  Marine  
  143  18:12  Marauder, Marine  
  150  18:17  Marauder, Marine x2  
  140  18:27  Marauder x2, Marine x3  
  140  18:28  Liberator  
  140  18:29  Marine  
  140  18:31  SCV x2  
  140  18:32  Liberator  
  140  18:33  Marine  
  149  18:35  Planetary Fortress, Marine x2  
  149  18:38  Marine  
  152  18:45  Marine x3  
  152  18:47  Marine  
  152  18:48  Marine x2  
  160  18:57  Marine x4  
  160  18:59  Liberator  
  162  19:03  Marine x2  
  162  19:05  Marauder, Marine  
  162  19:06  Marine x2  
  168  19:10  Liberator  
  167  19:19  Marine  
  167  19:20  Marine  
  167  19:22  Liberator x2  
  161  19:31  Marine x2  
  161  19:32  Marauder  
  157  19:42  Liberator  
  154  19:53  Marauder x2, Marine x4  
  159  20:03  Marauder x2  
  156  20:10  Marauder x2  
  156  20:11  Marine x3  
  156  20:12  Marauder  
  153  20:14  Marine x2  
  153  20:17  Liberator  
  146  20:24  Marine x2  
  146  20:27  SCV  
  146  20:28  SCV x2, Marine  
  146  20:29  Marine x2  
  146  20:31  Marine  
  146  20:32  Marauder, Marine x3  
  158  20:42  Marine x2  
  160  20:46  Marine  
  160  20:47  Marine x2  
  160  20:49  Marine  
  164  20:50  Marine  
  164  20:53  SCV x3  
  168  21:10  Marine  
  168  21:11  Marine x2  
  171  21:16  Missile Turret  
  171  21:25  Marine x3  
  157  21:41  Marauder, Marine x2  
Show
View Real Time Build Order
Export as new Build Order

Chris Protoss - Winner!

Build Orders: 1 Gate Expand, Phoenix Opening 

Get SALT Encoding   

  12  0:01  Probe (Chrono Boost)  
  13  0:12  Probe (Chrono Boost)  
  14  0:18  Pylon  
  14  0:22  Probe (Chrono Boost)  
  15  0:36  Probe (Chrono Boost)  
  15  0:38  Gateway  
  16  0:47  Probe (Chrono Boost)  
  17  0:56  Assimilator  
  17  0:57  Probe (Chrono Boost)  
  18  1:08  Probe (Chrono Boost)  
  19  1:22  Nexus  
  19  1:31  Cybernetics Core  
  19  1:38  Assimilator  
  19  1:40  Probe (Chrono Boost)  
  20  1:49  Pylon  
  20  1:54  Probe (Chrono Boost)  
  21  2:04  Probe (Chrono Boost)  
  22  2:14  Adept (Chrono Boost)  
  22  2:15  Mothership Core (Chrono Boost)  
  26  2:23  Warp Gate  
  26  2:33  Probe (Chrono Boost)  
  27  2:37  Probe (Chrono Boost)  
  27  2:45  Probe (Chrono Boost)  
  27  2:49  Probe (Chrono Boost)  
  27  2:50  Stargate  
  29  2:56  Probe (Chrono Boost)  
  30  3:00  Probe (Chrono Boost)  
  31  3:06  Probe (Chrono Boost)  
  31  3:10  Probe (Chrono Boost), Robotics Facility  
  33  3:17  Probe (Chrono Boost)  
  34  3:21  Probe (Chrono Boost)  
  34  3:25  Pylon  
  35  3:27  Probe (Chrono Boost)  
  35  3:31  Probe (Chrono Boost)  
  37  3:38  Probe (Chrono Boost)  
  37  3:40  Probe (Chrono Boost)  
  37  3:41  Phoenix (Chrono Boost)  
  41  3:49  Probe  
  41  3:50  Probe  
  41  4:05  Gateway  
  41  4:07  Phoenix (Chrono Boost)  
  44  4:10  Observer  
  44  4:11  Gateway  
  44  4:12  Probe  
  44  4:13  Probe  
  44  4:15  Pylon  
  46  4:24  Probe  
  46  4:29  Phoenix (Chrono Boost)  
  49  4:33  Assimilator  
  49  4:36  Assimilator  
  49  4:37  Observer  
  50  4:41  Zealot  
  52  4:50  Phoenix (Chrono Boost)  
  54  5:12  Phoenix (Chrono Boost)  
  56  5:16  Gateway  
  56  5:18  Gateway  
  56  5:20  Gateway  
  56  5:22  Forge  
  56  5:24  Probe x2 (Chrono Boost)  
  58  5:28  Pylon  
  58  5:30  Pylon  
  58  5:33  Adept x2  
  62  5:36  Pylon  
  62  5:37  Pylon  
  62  5:44  Robotics Bay  
  62  5:46  Probe (Chrono Boost), Phoenix  
  62  5:48  Pylon  
  62  5:49  Probe (Chrono Boost)  
  67  5:57  Probe (Chrono Boost)  
  67  6:00  Photon Cannon  
  67  6:01  Probe (Chrono Boost)  
  68  6:08  Immortal (Chrono Boost)  
  68  6:09  Probe (Chrono Boost), Protoss Ground Armor Level 1  
  73  6:17  Probe (Chrono Boost)  
  73  6:23  Probe  
  75  6:26  Pylon  
  75  6:30  Probe  
  76  6:37  Probe  
  77  6:44  Disruptor (Chrono Boost)  
  77  6:45  Stalker x4  
  86  6:52  Pylon  
  86  7:00  Photon Cannon  
  86  7:05  Probe x2  
  88  7:09  Adept x4  
  88  7:15  Disruptor (Chrono Boost)  
  99  7:18  Pylon  
  99  7:34  Nexus  
  99  7:37  Pylon  
  99  7:41  Probe  
  100  7:44  Zealot  
  100  7:46  Disruptor (Chrono Boost)  
  100  7:47  Zealot  
  100  7:48  Probe  
  108  7:59  Pylon  
  108  8:00  Probe x2  
  110  8:11  Probe  
  110  8:12  Probe  
  109  8:17  Observer (Chrono Boost)  
  109  8:19  Stalker x5  
  121  8:24  Probe  
  122  8:28  Probe  
  123  8:35  Adept, Disruptor (Chrono Boost)  
  123  8:37  Probe  
  129  8:43  Probe  
  130  8:50  Adept x5  
  130  8:52  Probe  
  135  9:05  Probe  
  135  9:06  Probe  
  135  9:07  Probe  
  135  9:08  Disruptor (Chrono Boost)  
  139  9:17  Probe x2, Protoss Ground Weapons Level 1  
  139  9:18  Probe  
  139  9:19  Twilight Council  
  139  9:21  Pylon  
  142  9:27  Probe  
  142  9:28  Probe  
  142  9:29  Stalker, Probe  
  142  9:30  Stalker  
  149  9:38  Probe  
  149  9:39  Probe  
  149  9:42  Disruptor (Chrono Boost)  
  154  9:47  Probe  
  154  9:48  Pylon  
  154  9:50  Pylon  
  154  9:52  Probe, Pylon  
  155  9:57  Probe  
  157  10:03  Probe  
  157  10:04  Probe  
  157  10:05  Blink (Chrono Boost)  
  155  10:07  Stalker x2  
  155  10:08  Stalker x2  
  155  10:12  Probe  
  158  10:22  Nexus  
  158  10:23  Probe x2  
  158  10:24  Pylon  
  148  10:30  Probe  
  148  10:32  Stalker x3  
  148  10:33  Stalker x2  
  151  10:44  Probe  
  151  10:45  Probe  
  148  10:52  Stalker  
  128  11:06  Stalker x4  
  128  11:07  Mothership Core  
  128  11:08  Disruptor (Chrono Boost)  
  139  11:11  Assimilator  
  139  11:12  Protoss Ground Armor Level 2 (Chrono Boost)  
  139  11:13  Assimilator  
  139  11:17  Probe  
  138  11:18  Probe  
  134  11:27  Stalker x2, Probe  
  134  11:29  Probe  
  138  11:37  Assimilator  
  138  11:39  Assimilator  
  138  11:41  Stalker x2  
  138  11:42  Stalker x2  
  138  11:43  Disruptor (Chrono Boost)  
  149  11:58  Stalker  
  149  11:59  Stalker  
  153  12:02  Probe  
  153  12:07  Nexus  
  154  12:09  Stalker x3  
  154  12:13  Probe  
  161  12:18  Disruptor (Chrono Boost)  
  161  12:22  Probe  
  163  12:23  Probe  
  148  12:34  Probe x2  
  148  12:36  Stalker x2  
  148  12:37  Stalker x4  
  145  12:51  Pylon  
  145  12:52  Probe  
  145  12:53  Disruptor (Chrono Boost)  
  149  13:02  Probe  
  148  13:05  Stalker x2  
  148  13:06  Stalker x4  
  157  13:24  Disruptor (Chrono Boost)  
  149  13:41  Stalker x4  
  132  13:42  Stalker x2  
  133  13:55  Disruptor (Chrono Boost)  
  133  13:58  Assimilator  
  133  13:59  Assimilator  
  133  14:02  Gateway  
  133  14:05  Gateway  
  133  14:06  Gateway, Adept  
  133  14:07  Adept x5  
  145  14:17  Dark Shrine, Protoss Ground Armor Level 3  
  143  14:18  Pylon  
  143  14:26  Probe, Disruptor (Chrono Boost)  
  143  14:27  Stalker x3  
  143  14:31  Pylon  
  153  14:33  Pylon  
  153  14:37  Pylon  
  153  14:44  Zealot x3  
  155  14:45  Probe  
  155  14:50  Probe  
  143  14:58  Adept x3  
  141  15:03  Resonating Glaives (Chrono Boost)  
  140  15:08  Probe (Chrono Boost)  
  141  15:16  Disruptor (Chrono Boost)  
  141  15:19  Mothership Core, Pylon  
  141  15:21  Stalker, Pylon  
  146  15:22  Stalker x4  
  146  15:25  Nexus  
  156  15:30  Zealot  
  156  15:33  Zealot, Photon Cannon  
  160  15:41  Dark Templar x2  
  164  15:48  Dark Templar  
  164  15:49  Dark Templar  
  168  15:52  Zealot  
  170  16:05  Assimilator  
  164  16:19  Pylon  
  164  16:21  Pylon  
  162  16:31  Observer (Chrono Boost), Photon Cannon  
  161  16:35  Stalker x3  
  161  16:39  Zealot x3  
  171  16:42  Probe  
  168  16:54  Stalker x3  
  168  16:56  Probe  
  168  16:58  Probe  
  168  16:59  Disruptor (Chrono Boost)  
  177  17:03  Zealot, Stargate  
  177  17:04  Zealot, Stargate  
  177  17:08  Pylon  
  181  17:10  Dark Templar  
  173  17:24  Probe  
  173  17:25  Stalker x2  
  173  17:26  Stalker x4  
  173  17:27  Stalker x2  
  193  17:30  Disruptor (Chrono Boost)  
  193  17:47  Probe  
  192  17:55  Fleet Beacon  
  192  17:57  Nexus  
  190  17:59  Probe  
  190  18:01  Pylon  
  190  18:02  Probe, Pylon  
  190  18:04  Dark Templar x2  
  194  18:06  Probe  
  195  18:13  Pylon  
  195  18:17  Stalker x2  
  199  18:21  Probe  
  199  18:25  Probe, Pylon  
  190  18:28  Pylon  
  190  18:32  Nexus  
  190  18:33  Pylon x2  
  190  18:45  Pylon  
  190  18:49  Stalker x3  
  190  18:52  Photon Cannon  
  190  18:54  Protoss Ground Weapons Level 2 (Chrono Boost), Photon Cannon  
  194  18:56  Probe  
  194  18:57  Photon Cannon  
  194  18:59  Probe  
  196  19:05  Probe  
  197  19:13  Probe  
  197  19:20  Dark Templar  
  198  19:30  Stalker x3, Gateway  
  200  19:33  Gateway x3  
  200  19:36  Probe  
  200  19:37  Gateway  
  197  19:42  Dark Templar x2  
  195  20:03  Probe  
  195  20:06  Probe  
  179  20:09  Probe  
  162  20:14  Zealot x4  
  162  20:15  Zealot x4  
  162  20:19  Tempest x2 (Chrono Boost)  
  176  20:29  Probe  
  176  20:30  Stalker  
  176  20:32  Probe  
  176  20:42  Zealot x5  
  186  20:45  Assimilator  
  186  20:50  Assimilator  
  186  20:56  Tempest (Chrono Boost)  
  193  20:57  Assimilator  
  193  20:58  Stalker x3  
  193  21:01  Assimilator  
  189  21:20  Stalker x5  
  189  21:24  Pylon  
  197  21:28  Pylon  
Tags
 
Add a new tag
Caveats
  • Supply blocks, unpowered buildings, or Contaminate may cause inaccurate times.
  • Supply counts are checked every 10 seconds.